 Dungeon Crawl Stone Soup version 0.28.0 (webtiles) character file.

Game seed: 7838589804761123560

587 Torus the Ruffian (level 7, -2/62 HPs)
             Began as a Ghoul Chaos Knight on Feb 11, 2022.
             Was a Plaything of Xom.
             Slain by a gnoll (5 damage)
             ... on level 4 of the Dungeon.
             The game lasted 00:10:43 (3699 turns).

Torus the Ruffian (Ghoul Chaos Knight)              Turns: 3699, Time: 00:10:43

Health: -2/62      AC:  9    Str: 15 (16) XL:     7   Next: 38%
Magic:  6/6        EV: 11    Int:  4 (7)  God:    Xom [*.....]
Gold:   119        SH:  0    Dex:  9 (10) Spells: 6/6 levels left

rFire   . . .      SeeInvis .     - Unarmed
rCold   + + .      Faith    .   (no shield)
rNeg    + + +      Spirit   .   d - +3 leather armour
rPois   ∞          Reflect  .   k - +2 helmet
rElec   .          Harm     .   g - scarf {repulsion}
rCorr   .          Rampage  .   (no gloves)
Will    .....                   (no boots)
Stlth   +.........              (no amulet)
HPRegen 0.00/turn               u - ring of protection from cold
MPRegen 0.10/turn               (no ring)

@: inhibited regen, repel missiles
A: claws 1, cold resistance 1, negative energy resistance 3, inhibited
regeneration, torment resistance 2
a: Renounce Religion


You were on level 4 of the Dungeon.
You worshipped Xom.
You were a special plaything of Xom.
You visited 1 branch of the dungeon, and saw 4 of its levels.

You collected 119 gold pieces.

Inventory:

Hand Weapons
 a - a +0 fustibalus
Missiles
 c - 14 sling bullets
 i - 6 javelins
 j - 113 stones (quivered)
 l - 12 poisoned darts
 n - 21 arrows
 o - 3 boomerangs
Armour
 d - a +3 leather armour (worn)
 g - a scarf of repulsion (worn)
 k - a +2 helmet (worn)
Jewellery
 b - a ring of wizardry
 u - a ring of protection from cold (left claw)
 v - a ring of see invisible
Wands
 m - a wand of flame (1)
Scrolls
 e - 2 scrolls of fog
 q - a scroll of enchant armour
 t - a scroll of amnesia {unknown}
Potions
 f - 3 potions of heal wounds
 h - 2 potions of invisibility
 p - 2 potions of curing {unknown}
 r - 2 potions of flight
 s - a potion of lignification {unknown}


   Skills:
 + Level 5.8 Fighting
 + Level 2.2 Slings
 - Level 1.7 Armour
 - Level 0.8 Dodging
 * Level 7.0 Unarmed Combat


You had 6 spell levels left.
You didn't know any spells.
Your spell library contained the following spells:

 Spells                   Type           Power      Damage    Failure   Level
 Slow                     Hex            0%         N/A       56%         1
 Confusing Touch          Hex            0%         N/A       91%         3
 Ozocubu's Armour         Ice            0%         N/A       91%         3
 Portal Projectile        Hex/Tloc       0%         N/A       91%         3
 Vampiric Draining        Necr           0%         2d6       91%         3
 Passage of Golubria      Tloc           0%         N/A       100%        4
 Petrify                  Tmut/Erth      0%         N/A       100%        4
 Irradiate                Conj/Tmut      0%         3d13      100%        5
 Summon Mana Viper        Hex/Summ       0%         N/A       100%        5
 Dispersal                Tloc           0%         N/A       100%        6
 Ozocubu's Refrigeration  Ice            0%         4d5       100%        7
 Sublimation of Blood     Necr           Unusable   N/A       N/A         2

Dungeon Overview and Level Annotations

Branches:
Dungeon (4/15)
 Temple: D:4-7

Altars:
Hepliaklqana
Okawaru
Wu Jian
Xom

Shops:
D:1 (


Innate Abilities, Weirdness & Mutations

You thrive by killing the living.
You are immune to poison.
You have sharp fingernails.
Your flesh is cold resistant. (rC+)
You are immune to negative energy. (rN+++)
You do not regenerate when monsters are visible.
You are immune to unholy pain and torment.


Message History

The gnoll sergeant hits you from afar with a +0 vampiric trident!
The gnoll closely misses you.
The gnoll sergeant hits you but does no damage.
The gnoll hits you from afar with a +0 spear.
You are now empty-clawed.
The gnoll sergeant completely misses you.
The gnoll hits you with a +0 spear.
You scratch the gnoll sergeant.
The gnoll sergeant is lightly wounded.
The gnoll sergeant hits you but does no damage.
The gnoll barely misses you.
You scratch the gnoll sergeant but do no damage.
The gnoll sergeant is lightly wounded.
Xom makes a sudden noise!
You hear a bark!
The gnoll sergeant hits you but does no damage.
The gnoll hits you with a +0 spear.
You claw the gnoll sergeant!
The gnoll sergeant is moderately wounded.
You barely miss the gnoll sergeant.
The gnoll sergeant is moderately wounded.
The gnoll sergeant hits you but does no damage.
The gnoll hits you but does no damage.
You barely miss the gnoll sergeant.
The gnoll sergeant is moderately wounded.
The gnoll sergeant hits you but does no damage.
The gnoll hits you with a +0 spear.
You barely miss the gnoll sergeant.
The gnoll sergeant is moderately wounded.
The gnoll sergeant hits you with a +0 vampiric trident!
The gnoll hits you but does no damage.
You barely miss the gnoll sergeant.
The gnoll sergeant is moderately wounded.
The gnoll sergeant hits you but does no damage.
The gnoll barely misses you.
You scratch the gnoll sergeant but do no damage.
The gnoll sergeant is moderately wounded.
The gnoll sergeant hits you with a +0 vampiric trident!
The gnoll hits you with a +0 spear.
You die...
Xom giggles madly!

#.......#.#####.gg)...# #.#
#.#.#####.......@.....#########..
#.#.#####..####..###.............
#.#........####..###.##.......###
..............#.........#..##.#
..#######..##.#.####.##....##.#
..# ##.##.#).....##.#.###.# #.#
#......####......###.# #.#
####.....##.##.......# #.######
###.#.##.########## #......#
##....).# .#####.### ##.###.###
.###.....# ##.## ##.## ..##.....#
#.## ##.# ..##.....# #.# #.#
..##.....# #.## ##.# ..##.....#
##.## ##.##


You could see a gnoll sergeant and a gnoll.

Vanquished Creatures
  Menkaure (D:4)
  A necrophage (D:4)
  A scorpion (D:4)
  A gnoll shaman (D:4)
  A hound (D:3)
  An iguana (D:4)
  Robin (D:3)
  5 gnolls (D:4)
  6 adders
  2 dart slugs
  4 orcs (D:3)
  3 endoplasms
  A giant cockroach (D:1)
  11 goblins
  10 hobgoblins
  3 jackals (D:3)
  2 quokkas
  8 ball pythons
  3 bats
  3 frilled lizards (D:2)
  5 kobolds
  A rat (D:2)
74 creatures vanquished.

Vanquished Creatures (collateral kills)
  Ijyb (D:4)
  A gnoll (D:4)
  2 adders (D:3)
  A jackal (D:3)
  A kobold (D:3)
6 creatures vanquished.

Grand Total: 80 creatures vanquished

Notes
Turn   | Place    | Note
-------+----------+-------------------------------------------
     0 | D:1      | Torus the Ghoul Chaos Knight began the quest for the Orb.
     0 | D:1      | Reached XP level 1. HP: 19/19 MP: 0/0
    41 | D:1      | XOM: silly message
   145 | D:1      | XOM: divination: detect items
   265 | D:1      | Found Pobo's Antique Weapon Shop.
   273 | D:1      | Reached XP level 2. HP: 20/26 MP: 1/1
   462 | D:1      | Reached skill level 4 in Unarmed Combat
   614 | D:1      | XOM: silly message
   985 | D:2      | XOM: silly message
  1089 | D:2      | Got the Collected Works on Supportive Displacement
  1190 | D:2      | Reached XP level 3. HP: 27/31 MP: 2/2
  1221 | D:2      | XOM: silly message
  1281 | D:2      | XOM is BORED!
  1281 | D:2      | XOM: 4-stop teleportation journey
  1490 | D:3      | Noticed Robin
  1501 | D:3      | Killed Robin
  1503 | D:3      | XOM: silly message
  1538 | D:2      | XOM: scenery: summon butterflies
  1777 | D:3      | XOM: scenery: create altars
  1843 | D:3      | You fall into a shaft and drop 1 floor!
  1850 | D:4      | Reached XP level 4. HP: 40/40 MP: 3/3
  1872 | D:4      | Found an iron altar of Okawaru.
  1885 | D:4      | XOM: 1-stop teleportation journey
  1998 | D:4      | Noticed Ijyb
  2000 | D:4      | Reached skill level 5 in Unarmed Combat
  2001 | D:4      | Noticed Menkaure
  2010 | D:4      | Reached XP level 5. HP: 27/47 MP: 4/4
  2011 | D:4      | Killed Ijyb
  2015 | D:3      | Found a faded altar of an unknown god.
  2271 | D:3      | XOM: god gift: 21 arrows
  2287 | D:3      | Found an ornate altar of the Wu Jian Council.
  2353 | D:3      | Reached skill level 5 in Fighting
  2488 | D:3      | XOM: 1-stop teleportation journey
  2508 | D:3      | XOM: summons friendly white imp
  2720 | D:3      | Reached XP level 6. HP: 56/56 MP: 5/5
  2730 | D:3      | Found a hazy altar of Hepliaklqana.
  2895 | D:4      | Reached skill level 1 in Slings
  2924 | D:4      | XOM: 4-stop teleportation journey
  2956 | D:4      | Reached skill level 6 in Unarmed Combat
  2967 | D:4      | XOM: 4-stop teleportation journey
  2983 | D:4      | XOM: scenery: create altars
  2988 | D:4      | Killed Menkaure
  2989 | D:4      | Reached XP level 7. HP: 21/61 MP: 6/6
  3199 | D:3      | XOM: summons 4 hostile demons
  3593 | D:4      | Reached skill level 7 in Unarmed Combat
  3682 | D:4      | XOM: silly message
  3693 | D:4      | XOM: noise
  3699 | D:4      | HP: 3/62 [gnoll sergeant (7)]
  3699 | D:4      | Slain by a gnoll

Illustrated notes

Levels and vault maps discovered:
D:1:      matt_arrival_spirals, layout_basic, serial_shops,
          nicolae_shop_overgrown_old_shop
D:2:      layout_basic
D:3:      layout_rooms, mainiacjoe_overflow_brackets, overflow_temple_1_default,
          ebering_ecumenical_altar_abandoned, hangedman_decor_peaks_small,
          uniq_robin
D:4:      layout_loops_cross, okawaru_trees_2, uniq_ijyb, uniq_menkaure

Skill      XL: |  1  2  3  4  5  6  7 |
---------------+----------------------+-----
Unarmed Combat | 4 5 6 7 |  7.0
Fighting       | 4 5 |  5.8
Slings         | 1 2 |  2.2
Armour         | |  1.7
Dodging        | |  0.8

Action                   |  1- 3 |  4- 6 |  7- 9 || total
-------------------------+-------+-------+-------++-------
Melee: Unarmed           |    88 |    68 |    42 ||   198
       Punch             |     3 |     2 |       ||     5
 Fire: Fustibalus        |    22 |    46 |    21 ||    89
  Use: Scroll            |     7 |     2 |       ||     9
       Potion            |       |     1 |       ||     1
Armor: Leather armour    |    40 |    21 |    17 ||    78
Dodge: Dodged            |    56 |    47 |    24 ||   127
       Repelled          |       |       |     1 ||     1
